 Dungeon Crawl Stone Soup version 0.31-a0-846-gb3bcc0d938 (webtiles) character file.

Game seed: 15881843198517289705

2761 MackTheKnife the Slicer (level 9, -3/48 HPs)
             Began as a Vine Stalker Artificer on Oct 3, 2023.
             Was an Initiate of Okawaru.
             Slain by a shadow (14 damage)
             ... on level 7 of the Dungeon.
             The game lasted 00:20:45 (5383 turns).

MackTheKnife the Slicer (Vine Stalker Artificer)    Turns: 5383, Time: 00:20:46

Health: -3/48      AC: 11    Str: 15    XL:     9   Next: 69%
Magic:  0/10       EV: 13    Int: 11    God:    Okawaru [......]
Gold:   191        SH:  0    Dex: 19    Spells: 8/8 levels left

rFire   . . .        f - +0 short sword (elec) {short}
rCold   . . .        (no shield)
rNeg    . . .        b - +0 leather armour
rPois   .            (no helmet)
rElec   .            k - +0 cloak
rCorr   .            x - +2 pair of gloves
SInv    .            (no boots)
Will    +....        B - amulet of magic regeneration {@e2}
Stlth   ++++         o - ring of flight
HPRegen 1.08/turn    A - +4 ring of protection
MPRegen 0.52/turn

%: guardian spirit
@: flying
A: fangs 3, regeneration 1, magic shield, antimagic bite, no potion heal 2
a: Renounce Religion


You were on level 7 of the Dungeon.
You worshipped Okawaru.
Okawaru was noncommittal.
You visited 2 branches of the dungeon, and saw 8 of its levels.

You collected 434 gold pieces.
You spent 243 gold pieces at shops.


Innate Abilities, Weirdness & Mutations

You have razor-sharp teeth.
Your natural rate of healing is unusually fast.
When hurt, damage is shared between your health and your magic reserves.
Your bite disrupts and absorbs the magic of your enemies.
Potions cannot restore your health.


   Skills:
 + Level 5.7 Fighting
 - Level 8.0 Short Blades
 - Level 1.5 Armour
 - Level 4.0 Dodging
 - Level 7.0 Stealth
 - Level 2.6 Evocations


You had 8 spell levels left.
You didn't know any spells.
Your spell library contained the following spells:

 Spells                   Type           Power      Damage    Failure   Level
 Shock                    Conj/Air       0%         1d3       41%         1
 Sublimation of Blood     Necr           0%         N/A       54%         2
 Wereblood                Tmut           0%         N/A       54%         2
 Swiftness                Air            0%         N/A       78%         3
 Airstrike                Air            0%         2d(0-16)  99%         4
 Summon Hydra             Summ           Unusable   N/A       N/A         7

Inventory:

Hand Weapons
 f - a +0 short sword of electrocution (weapon) {short}
   (You took it off a kobold on level 1 of the Dungeon)
 y - the +3 rapier "Goblin's Regret" {heavy, rElec rCorr Int-4 Dex+5, short}
   (You bought it in a shop on level 7 of the Dungeon)

   Int-4:     It affects your intelligence (-4).
   Dex+5:     It affects your dexterity (+5).
   rElec:     It insulates you from electricity.
   rCorr:     It protects you from acid and corrosion.
Missiles
 C - 5 poisoned darts {throwing}
Armour
 b - a +0 leather armour (worn)
 k - a +0 cloak (worn)
   (You found it on level 2 of the Dungeon)
 x - a +2 pair of gloves (worn)
   (You found it on level 4 of the Dungeon)
Jewellery
 o - a ring of flight (left hand)
   (You found it on level 3 of the Dungeon)
 A - a +4 ring of protection (right hand)
   (You found it on level 6 of the Dungeon)
 B - an amulet of magic regeneration (around neck) {@e2}
   (You found it on level 5 of the Dungeon)
Wands
 c - a wand of flame (20) (quivered)
 d - a wand of charming (9)
 e - a wand of iceblast (2)
 p - a wand of digging (3)
   (You found it on level 3 of the Dungeon)
Scrolls
 a - a scroll of teleportation {unknown}
 g - a scroll of identify {@r1}
 i - a scroll of enchant weapon {unknown}
 j - a scroll of fear {unknown}
 l - 2 scrolls of amnesia {unknown}
 r - 5 scrolls of poison {!r}
 s - a scroll of fog {unknown}
 u - a scroll of butterflies {unknown}
 w - 2 scrolls of immolation {unknown}
 z - 2 scrolls of vulnerability {unknown}
 D - 3 scrolls of revelation {unknown}
Potions
 h - 2 potions of cancellation
 m - a potion of heal wounds {unknown}
 n - a potion of mutation {unknown}
 q - 5 potions of curing {@q1}
 t - a potion of enlightenment {unknown}
 v - 2 potions of haste {unknown}

Dungeon Overview and Level Annotations

Branches:
Dungeon (7/15) Zot: 26277  Temple (1/1) D:7 Zot: 5940

Altars:
Cheibriados
Dithmenos
Elyvilon
Gozag
Hepliaklqana
Kikubaaqudgha
Makhleb
Nemelex Xobeh
Okawaru
Qazlal
Ru
Sif Muna
Trog
Uskayaw
Vehumet
Wu Jian
Xom
Yredelemnul
Zin
The Shining One

Shops:
D:4 =   D:7 (

Annotations:
D:2 Natasha, Sigmund
D:4 Dowan, Duvessa
D:5 exclusion: door
D:6 2 transporters, exclusion: orc priest, Blork the orc; t4s4d4r's ghost, novice DsFi

#...8..##.....)...
##..........8...##.
#.......#))........
#.###..##))......#.
#.###)###.......###
######...............#
##..........>.......#[###
#..............##...#...#
#..~~~..@................
#..~~~~.......####.######
#.~~~~.............#♣..♣
#P~≈~~...~≈u~.####.#.≈~♣♣
#...P.P..~~~~.# #.#.≈~.♣
####....~~~~≈~# #.#.≈..♣
####..~.f~.# #.#..♣♣♣
#####......# #.#♣...♣
#.....##..#####..♣.♣♣♣


You could see a white ugly thing and a sleepcap.


Message History

A shadow, a white imp, a white ugly thing and a sleepcap come into view.
The white ugly thing gurgles horribly!
The shadow slips into darkness.
The shadow flickers and vanishes!
Deactivating autopickup; reactivate with Ctrl-A.
There are monsters nearby! 😎 HP[+4]
Your hp is fully restored (48).
You reach down and close the door.
Something unseen opens the door.
The white imp gestures at you.
The puff of frost hits something.
Okay, then.
Okay, then.
Okay, then.
Okay, then.
Unknown command.
Okay, then.
Unknown command.
Unknown command.
Unknown command.
The shadow strikes at you from the darkness!
Reactivating autopickup. 😮 HP[-13] MP[-3]
You take 13 damage, and now have 35/48 hp.
MASSIVE DAMAGE!! (PAUSE)
You lost 3 mp, and now have 7/10 mp.
Unknown command.
Unknown command. 😮 HP[+1] MP[+1] Unknown command. 😕 HP[+1] Unknown command. 😕 HP[+1] MP[+1] Unknown command. 😕 HP[+2]
You regained 2 hp, and now have 40/48 hp.
Unknown command.
Unknown command. 😕 HP[+1] MP[+1]
Your mp is fully restored (10).
Unknown command. 😕 HP[+1] Unknown command. 😕 HP[+1] Unknown command. 😕 HP[+1] Unknown command.
The shadow slips into darkness.
The shadow flickers and vanishes!
Deactivating autopickup; reactivate with Ctrl-A. 😕 HP[+1] Unknown command. 😕 HP[+1] Unknown command.
Unknown command. 😕 HP[+1] 😎 HP[+1]
Your hp is fully restored (48).
The white ugly thing attacks as it pursues you!
The white ugly thing tail-slaps you but does no damage.
The white ugly thing attacks as it pursues you!
The white ugly thing tail-slaps you! The white ugly thing freezes you!!
Ouch! That really hurt!
* * * LOW HITPOINT WARNING * * *
😨 HP[-31] MP[-6]
You take 31 damage, and now have 17/48 hp.
MASSIVE DAMAGE!! (PAUSE)
You lost 6 mp, and now have 4/10 mp.
Unknown command. 😨 HP[+1] Unknown command. 😨 HP[+1] MP[+1] Unknown command.
The shadow strikes at you from the darkness!
* * * LOW HITPOINT WARNING * * *
Reactivating autopickup. 😱 HP[-10] MP[-2]
You take 10 damage, and now have 9/48 hp.
MASSIVE DAMAGE!! (PAUSE)
You lost 2 mp, and now have 3/10 mp.
The shadow slips into darkness.
The shadow flickers and vanishes!
Deactivating autopickup; reactivate with Ctrl-A. 😱 HP[+1] MP[+1] Unknown command. 😱 HP[+1] Unknown command.
Okay, then.
Okay, then. 😱 HP[+1] MP[+1]
The shadow strikes at you from the darkness!
* * * LOW HITPOINT WARNING * * *
Reactivating autopickup.
The shadow slips into darkness.
The shadow flickers and vanishes!
Deactivating autopickup; reactivate with Ctrl-A. 😱 HP[-2]
You take 2 damage, and now have 10/48 hp.
The shadow strikes at you from the darkness!
You die...

Skill      XL: |  1  2  3  4  5  6  7  8  9 |
---------------+----------------------------+-----
Stealth        | 2 3 4 7 |  7.0
Short Blades   | 2 3 4 5 6 8 |  8.0
Fighting       | 1 2 4 5 |  5.7
Dodging        | 1 2 4 |  4.0
Armour         | |  1.5
Evocations     | |  2.6

Action                     |  1- 3 |  4- 6 |  7- 9 || total
---------------------------+-------+-------+-------++-------
  Melee: Club              |    10 |       |       ||    10
         Bite              |    21 |    29 |   109 ||   159
         Short sword       |    59 |    89 |   322 ||   470
         Punch             |       |       |     3 ||     3
  Evoke: Wand              |     9 |     9 |    21 ||    39
    Use: Scroll            |       |       |     7 ||     7
   Stab: Sleeping          |     5 |     5 |     9 ||    19
         Distracted        |       |       |     2 ||     2
 Armour: Leather armour    |    24 |    36 |   150 ||   210
  Dodge: Dodged            |    28 |    46 |   145 ||   219

Levels and vault maps discovered:
D:1:      evilmike_arrival_hilbert_curve, layout_loops_ring, kennysheep_boxes
D:2:      layout_rooms, basic_altar, uniq_natasha, uniq_sigmund
D:3:      layout_rooms, mainiacjoe_overflow_24_doors
D:4:      layout_gridville, mainiacjoe_overflow_small_starburst,
          amcnicky_altar_gilded, grunt_dithmenos_smoke, serial_shops,
          nicolae_shop_tiny_statue_garden, minmay_strange_pillars, uniq_duvessa
D:5:      cheibrodos_thug_alley, layout_basic
D:6:      minmay_general_purpose_star, layout_loops_cross,
          gammafunk_ghost_arena, uniq_eustachio, uniq_blork_the_orc
D:7:      nzn_winding_woodlands_small [nzn_winding_woodlands_5x15_default,
          nzn_winding_woodlands_center_lodge,
          nzn_winding_woodlands_5x15_pathside_ponds], layout_rooms,
          mainiacjoe_overflow_catwalk_spiral,
          chequers_temple_overflow_statue_of_worship,
          minmay_temple_entry_statues_fountains, serial_shops,
          nicolae_stop_n_shop_2, serial_undead, serial_undead_d,
          serial_undead_f, serial_undead_f, serial_undead_f, serial_undead_d,
          serial_undead_e, serial_undead_d, serial_undead_d
Temple:   bh_familiar_temple

Notes
Turn   | Place    | Note
-------+----------+-------------------------------------------
     0 | D:1      | MackTheKnife the Vine Stalker Artificer began the quest for
                  | the Orb.
     0 | D:1      | Reached XP level 1. HP: 9/9 MP: 2/2
     0 | D:1      | magus.rc [v1.9.6]
    49 | D:1      | Reached skill level 2 in Stealth
   156 | D:1      | Reached XP level 2. HP: 14/14 MP: 3/3
   257 | D:1      | Reached skill level 3 in Stealth
   432 | D:1      | Reached XP level 3. HP: 16/17 MP: 2/4
   444 | D:1      | Reached skill level 4 in Stealth
   811 | D:2      | Noticed Sigmund
   823 | D:2      | Reached skill level 1 in Short Blades
   998 | D:2      | Noticed Natasha
  1005 | D:2      | Killed Natasha
  1006 | D:2      | Reached skill level 2 in Short Blades
  1006 | D:2      | Reached XP level 4. HP: 21/21 MP: 5/5
  1006 | D:2      | Found a snail-covered altar of Cheibriados.
  1127 | D:2      | Noticed Natasha
  1231 | D:3      | Found an opulent altar of Gozag.
  1258 | D:3      | You pick up a book of Air and begin reading...
  1258 | D:3      | You add the spells Shock, Swiftness and Airstrike to your
                  | library.
  1869 | D:4      | Noticed a scorpion
  1873 | D:4      | Killed a scorpion
  1874 | D:4      | Reached skill level 3 in Short Blades
  1874 | D:4      | Reached XP level 5. HP: 16/25 MP: 4/6
  1917 | D:4      | Noticed a centaur
  1921 | D:4      | Killed a centaur
  1922 | D:4      | Reached skill level 4 in Short Blades
  1922 | D:4      | Reached skill level 1 in Fighting
  1922 | D:4      | Reached skill level 1 in Dodging
  1922 | D:4      | Reached XP level 6. HP: 28/30 MP: 5/7
  2033 | D:4      | Found a glowing silver altar of Zin.
  2074 | D:4      | Noticed Dowan
  2079 | D:4      | Noticed Duvessa
  2095 | D:4      | Found Rulirafyleb's Jewellery Shop.
  2301 | D:4      | Reached skill level 2 in Fighting
  2301 | D:4      | Reached skill level 2 in Dodging
  2375 | D:4      | Found a glowing golden altar of the Shining One.
  2402 | D:4      | Reached XP level 7. HP: 35/35 MP: 6/8
  2609 | D:4      | Reached skill level 3 in Dodging
  2612 | D:4      | Found a shadowy altar of Dithmenos.
  2628 | D:4      | You are sucked into a shaft and drop 2 floors!
  2731 | D:6      | Noticed Blork the orc
  2805 | D:6      | Reached skill level 5 in Short Blades
  2859 | D:6      | Noticed t4s4d4r's ghost (novice DsFi)
  2860 | D:6      | Found a transporter.
  2862 | D:6      | Found a transporter.
  2873 | D:5      | Entered Level 5 of the Dungeon
  3474 | D:5      | Reached skill level 4 in Dodging
  3474 | D:5      | Gained mutation: You have razor-sharp teeth. [Vine Stalker
                  | growth]
  3474 | D:5      | Reached XP level 8. HP: 33/39 MP: 9/9
  3540 | D:5      | Reached skill level 6 in Short Blades
  3609 | D:5      | You pick up a book of Blood and begin reading...
  3609 | D:5      | You add the spells Sublimation of Blood, Wereblood and
                  | Summon Hydra to your library.
  3919 | D:6      | Reached skill level 3 in Fighting
  3984 | D:6      | Reached skill level 4 in Fighting
  4086 | D:6      | Reached skill level 5 in Stealth
  4111 | D:6      | Noticed Eustachio
  4126 | D:6      | Killed Eustachio
  4127 | D:6      | Reached skill level 6 in Stealth
  4179 | D:6      | Reached skill level 7 in Stealth
  4555 | D:7      | Found Gioweg's Antique Weapon Shoppe.
  4566 | D:7      | Bought a translucent rapier for 243 gold pieces
  4566 | D:7      | Identified the +3 rapier "Goblin's Regret" {heavy, rElec
                  | rCorr Int-4 Dex+5} (You bought it in a shop on level 7 of
                  | the Dungeon)
  4587 | D:7      | Found a stormy altar of Qazlal.
  4588 | D:7      | Found an ornate altar of the Wu Jian Council.
  4588 | D:7      | Found a hide-covered altar of Uskayaw.
  4631 | D:7      | Reached XP level 9. HP: 41/45 MP: 10/10
  4733 | D:7      | Reached skill level 7 in Short Blades
  4873 | D:7      | Found an ancient bone altar of Kikubaaqudgha.
  4907 | D:7      | Found a hazy altar of Hepliaklqana.
  4974 | D:7      | Reached skill level 8 in Short Blades
  5133 | D:7      | Found a staircase to the Ecumenical Temple.
  5142 | Temple   | Entered the Ecumenical Temple
  5172 | Temple   | Became a worshipper of Warmaster Okawaru
  5238 | D:7      | Reached skill level 5 in Fighting
  5354 | D:7      | Noticed a white ugly thing
  5378 | D:7      | HP: 9/48 [something (11)]
  5383 | D:7      | Slain by a shadow

Vanquished Creatures
  Eustachio (D:6)
  A water moccasin (D:6)
  An ice beast (D:6)
  2 sky beasts (D:7)
  2 hornet zombies (D:7)
  An ogre (D:4)
  A centaur (D:4)
  A phantom (D:4)
  A kobold brigand (D:5)
  A bullfrog (D:7)
  2 wyvern zombies (D:7)
  6 scorpions
  3 wights (D:7)
  A howler monkey (D:6)
  An electric eel (D:7)
  3 centaur zombies (D:7)
  7 hounds
  An orc priest (D:7)
  2 jellies
  Natasha (D:2)
  2 iguanas
  6 orc wizards
  5 killer bee zombies (D:7)
  3 howler monkey zombies (D:7)
  4 gnolls (D:6)
  5 adders
  2 worms
  A dart slug (D:3)
  25 orcs
  9 endoplasms
  2 giant cockroaches
  4 goblins (D:1)
  8 hobgoblins
  14 jackals
  17 kobolds
  2 quokkas
  2 ball pythons
  6 bats
  3 frilled lizards
  3 rats
162 creatures vanquished.

Vanquished Creatures (collateral kills)
  An orc wizard (D:4)
1 creature vanquished.

Vanquished Creatures (others)
  An iguana (D:7)
  An adder (D:6)
  An orc (D:4)
3 creatures vanquished.

Grand Total: 166 creatures vanquished

Table legend:
 A = Non-vault XP
 B = Vault XP
 C = Vault XP percentage of total XP
 D = Non-vault monster count
 E = Vault monster count
 F = Vault count percentage of total count
                 A         B        C        D         E       F
            +---------+---------+-------+---------+---------+-------
      Total |    2228 |    1717 |  43.5 |     126 |      38 |  23.2
            +---------+---------+-------+---------+---------+-------
        D:1 |      51 |       0 |   0.0 |      29 |       0 |   0.0
        D:2 |      24 |      36 |  60.0 |       7 |       1 |  12.5
        D:3 |      37 |       0 |   0.0 |      16 |       0 |   0.0
        D:4 |     706 |       0 |   0.0 |      26 |       0 |   0.0
        D:5 |     334 |     117 |  25.9 |      17 |      12 |  41.4
        D:6 |     646 |     323 |  33.3 |      15 |       4 |  21.1
        D:7 |     430 |    1241 |  74.3 |      16 |      21 |  56.8
            +---------+---------+-------+---------+---------+-------

Skill      XL: |  1  2  3  4  5  6  7  8  9 |
---------------+----------------------------+-----
Stealth        | 2 3 4 7 |  7.0
Short Blades   | 2 3 4 5 6 8 |  8.0
Fighting       | 1 2 4 5 |  5.7
Dodging        | 1 2 4 |  4.0
Armour         | |  1.5
Evocations     | |  2.6

Action                     |  1- 3 |  4- 6 |  7- 9 || total
---------------------------+-------+-------+-------++-------
  Melee: Club              |    10 |       |       ||    10
         Bite              |    21 |    29 |   109 ||   159
         Short sword       |    59 |    89 |   322 ||   470
         Punch             |       |       |     3 ||     3
  Evoke: Wand              |     9 |     9 |    21 ||    39
    Use: Scroll            |       |       |     7 ||     7
   Stab: Sleeping          |     5 |     5 |     9 ||    19
         Distracted        |       |       |     2 ||     2
 Armour: Leather armour    |    24 |    36 |   150 ||   210
  Dodge: Dodged            |    28 |    46 |   145 ||   219

Illustrated notes

Table legend:
 A = Kills in this place as a percentage of kills in the entire game.
 B = Kills by you in this place as a percentage of kills by you in the entire game.
 C = Kills by friends in this place as a percentage of kills by friends in the entire game.
 D = Other kills in this place as a percentage of other kills in the entire game.
 E = Experience gained in this place as a percentage of experience gained in the entire game.
 F = Experience gained in this place divided by the number of levels of this place that you have seen.
                   A       B       C       D       E      F
               +-------+-------+-------+-------+-------+----------------------
         Total | 100.0 | 100.0 | 100.0 | 100.0 | 100.0 | 493.1
       Dungeon | 100.0 | 100.0 | 100.0 | 100.0 | 100.0 | 563.6
               +-------+-------+-------+-------+-------+----------------------

Table legend: (Time is in decaauts)
 A = Elapsed time spent in this place.
 B = Non-inter-level travel time spent in this place.
 C = Inter-level travel time spent in this place.
 D = Time resting spent in this place.
 E = Time spent auto-exploring this place.
 F = Levels seen in this place.
 G = Mean time per level.
                   A        B        C        D        E       F      G
               +--------+--------+--------+--------+--------+-----+--------+
         Total |   5265 |   4940 |    325 |    182 |   2869 |   8 |  658.1 |
       Dungeon |   5205 |   4938 |    267 |    182 |   2869 |   7 |  743.6 |
        Temple |     59 |      1 |     58 |      0 |      0 |   1 |   59.0 |
               +--------+--------+--------+--------+--------+-----+--------+

Top non-repeatable levels by time:
     D:4: 1079 daAuts
     D:6: 915 daAuts
     D:1: 829 daAuts
     D:5: 708 daAuts
     D:7: 704 daAuts
     D:3: 591 daAuts
     D:2: 374 daAuts
  Temple: 59 daAuts
